 Dungeon Crawl Stone Soup version 0.20-a0-501-g0de2c2e (webtiles) character file.

1001 Amnesiac the Ducker (level 8, -2/52 HPs)
             Began as a Mummy Enchanter on Jan 19, 2017.
             Slain by an iguana (3 damage)
             ... on level 5 of the Dungeon.
             The game lasted 00:14:43 (5124 turns).

Amnesiac the Ducker (Mummy Enchanter)               Turns: 5124, Time: 00:14:43

Health: -2/52      AC:  6    Str:  8    XL:     8   Next: 0%
Magic:  0/13       EV: 14    Int: 17    God:
Gold:   79         SH:  0    Dex: 12    Spells: 5/14 levels left

rFire    . . .     SeeInvis .   a - +1 dagger
rCold    + + .     Gourm    .   l - +2 robe {rC+ rF+}
rNeg     + + +     Faith    .   (no shield)
rPois    ∞         Spirit   .   (no helmet)
rElec    .         Reflect  .   e - +0 cloak
rCorr    .         Harm     .   h - +0 pair of gloves
MR       +....                  (no boots)
Stlth    ++........             (no amulet)
Regen    0.2/turn               (no ring)
                                j - -3 ring of strength (curse)

@: no status effects
A: no food or potions, fire vulnerability, cold resistance 1, negative energy
resistance 3, torment resistance, unbreathing
a: no special abilities


You were on level 5 of the Dungeon.
You were not hungry.

You visited 1 branch of the dungeon, and saw 5 of its levels.

You collected 79 gold pieces.

Inventory:

Hand Weapons
 a - a +1 dagger (weapon)
Armour
 e - a +0 cloak (worn)
 h - a +0 pair of gloves (worn)
 l - a +2 robe of resistance (worn)
Jewellery
 j - a cursed -3 ring of strength (left hand)
Scrolls
 d - 2 scrolls of identify
 f - a scroll of remove curse
 g - a scroll of enchant weapon
 k - a scroll of random uselessness
Books
 c - a book of Maledictions

   Spells                             Type                      Level
   a - Corona                         Hexes                        1
   b - Ensorcelled Hibernation        Hexes/Ice                    2
   c - Confuse                        Hexes                        3
   d - Tukima's Dance                 Hexes                        3
   e - Dazzling Spray                 Conjuration/Hexes            3
 i - a book of Callings

   Spells                             Type                      Level
   a - Summon Small Mammal            Summoning                    1
   b - Call Imp                       Summoning                    2
   c - Call Canine Familiar           Summoning                    3
   d - Summon Guardian Golem          Hexes/Summoning              3
   e - Summon Lightning Spire         Summoning/Air                4
   f - Summon Ice Beast               Ice/Summoning                4


   Skills:
 * Level 3.7 Short Blades
 - Level 5.4 Dodging
 * Level 3.6 Stealth
 + Level 3.8 Spellcasting
 * Level 3.9 Hexes


You had 5 spell levels left.
You knew the following spells:

 Your Spells              Type           Power        Failure   Level  Hunger
e - Confuse               Hex            ###.....     12%         3    N/A
f - Corona                Hex            ###....      3%          1    N/A
w - Tukima's Dance        Hex            ###.....     12%         3    N/A
z - Ensorcelled Hibernat  Hex/Ice        #.....       14%         2    N/A

Dungeon Overview and Level Annotations

Branches:
Dungeon (5/15)
 Temple: D:4-7

Altars:
Dithmenos

Annotations:
D:2 exclusion: adder
D:3 exclusions: ice beast and ogre
D:5 Grinder


Innate Abilities, Weirdness & Mutations

You do not eat or drink.
Your flesh is vulnerable to fire.
You are immune to poison.
Your flesh is cold resistant. (rC+)
You are immune to negative energy. (rN+++)
You are immune to unholy pain and torment.
You can survive without breathing.


Message History

Aiming: Confuse
Press: ? - help, Shift-Dir - straight line, f/p - iguana
Aim: an iguana (severely wounded, chance to defeat MR: 55%)
The iguana resists with significant effort.
The phantom misses you. The iguana barely misses you. Grinder hits you!
Okay, then.
You can't drink.
Okay, then.
You hit Grinder but do no damage.
Grinder is lightly wounded.
The phantom hits you!
* * * LOW HITPOINT WARNING * * *
The iguana bites you!
* * * LOW HITPOINT WARNING * * *
Grinder hits you.
* * * LOW HITPOINT WARNING * * *
You barely miss Grinder.
Grinder is lightly wounded.
The phantom misses you. The iguana bites you.
You die...

#...# ###.# #% #.#
#. #.# #. #.#
#####.###
############.##
+..#....
#.............#
#.....##
#5#############
#......# #@##
#......# #lW#
#......# ##.#
####.#.##.#######.#
..........>.....#.#
.....#.###!####.#.#
.....#.###§##lW...#
.....#......5.#.###
....l####.#####.#


You could see Grinder, a phantom and an iguana.

Vanquished Creatures
  Pikel (D:3)
  Eustachio (D:4)
  A slave (D:3)
  A centaur (D:4)
  A crimson imp (D:2)
  A bullfrog skeleton (D:5)
  2 orc priests
  2 worker ants (D:4)
  An iguana (D:3)
  An orc wizard (D:3)
  2 hound skeletons (D:4)
  3 adders
  A dart slug (D:2)
  3 leopard geckos
  9 orcs
  A ball python (D:2)
  3 giant cockroaches
  3 goblins
  3 jackals
  4 kobolds
  3 quokkas
  2 bats
  A quokka skeleton (D:4)
50 creatures vanquished.

Vanquished Creatures (others)
  A dancing weapon (D:4)
  A slave (D:4)
  An orc (D:4)
3 creatures vanquished.

Grand Total: 53 creatures vanquished

Notes
Turn   | Place    | Note
-------+----------+-------------------------------------------
     0 | D:1      | Amnesiac the Mummy Enchanter began the quest for the Orb.
     0 | D:1      | Reached XP level 1. HP: 13/13 MP: 4/4
    75 | D:1      | Reached skill level 1 in Short Blades
   284 | D:3      | Noticed an ice beast
   402 | D:2      | Reached XP level 2. HP: 18/19 MP: 6/6
   409 | D:2      | Learned a level 2 spell: Ensorcelled Hibernation
   691 | D:4      | Noticed Eustachio
   716 | D:4      | Noticed a centaur
   763 | D:4      | Noticed a slave
   829 | D:4      | Noticed a slave
   829 | D:4      | Noticed a slave
   829 | D:4      | Noticed a slave
   830 | D:4      | Noticed Pikel
  1190 | D:4      | Noticed a crimson imp
  1288 | D:4      | Found a shadowy altar of Dithmenos.
  1600 | D:2      | Killed a crimson imp
  1600 | D:2      | Reached XP level 3. HP: 24/24 MP: 2/7
  1611 | D:2      | Learned a level 3 spell: Confuse
  1671 | D:4      | Reached XP level 4. HP: 19/30 MP: 0/8
  2212 | D:3      | Noticed an ogre
  2218 | D:3      | Learned a level 3 spell: Tukima's Dance
  2883 | D:4      | Reached skill level 2 in Dodging
  2883 | D:4      | Reached XP level 5. HP: 35/35 MP: 5/9
  3061 | D:3      | Killed a slave
  3321 | D:3      | Killed Pikel
  3321 | D:3      | Reached skill level 5 in Dodging
  3321 | D:3      | Reached XP level 6. HP: 25/41 MP: 1/10
  3321 | D:3      | Reached XP level 7. HP: 29/46 MP: 1/11
  4858 | D:4      | Killed Eustachio
  5016 | D:5      | Entered Level 5 of the Dungeon
  5067 | D:5      | Noticed Grinder
  5100 | D:5      | Reached XP level 8. HP: 41/52 MP: 9/13
  5123 | D:5      | HP: 1/52 [Grinder (3)]
  5124 | D:5      | Slain by an iguana

Vault maps used:
D:1:      zaba_arrival_water, evilmike_ruin_ashenzari
D:2:      grunt_ministairs_7
D:3:      minivault_23, serial_bayou_crossing
D:4:      nicolae_dithmenos_through_a_glass_darkly, minmay_misc_feat_plants,
          kennysheep_generic_room_6, uniq_eustachio, uniq_pikel
D:5:      lemuel_blue_sif_altar, basic_altar, portal_sewer_entry_f, first_bread,
          uniq_grinder, uniq_crazy_yiuf_cottage, uniq_menkaure

Skill      XL: |  1  2  3  4  5 |
---------------+----------------+-----
Short Blades   | 1 2 3 |  3.7
Spellcasting   | 3 |  3.8
Hexes          | 3 |  3.9
Stealth        | 3 |  3.6
Dodging        | 2 5 |  5.4

Action                   |  1- 3 |  4- 6 |  7- 9 || total
-------------------------+-------+-------+-------++-------
Melee: Dagger            |    41 |    42 |   120 ||   203
 Cast: Corona            |     7 |       |       ||     7
       Ensorcelled Hiber |    23 |    31 |    37 ||    91
       Confuse           |       |     5 |    11 ||    16
       Tukima's Dance    |       |     2 |       ||     2
  Use: Scroll            |     3 |       |     1 ||     4
 Stab: Sleeping          |     9 |    15 |    16 ||    40
       Confused          |       |     2 |     2 ||     4
Armor: Robe              |    18 |    25 |    23 ||    66
Dodge: Dodged            |    45 |    67 |    92 ||   204
